 Dungeon Crawl Stone Soup version 0.29-a0-352-g0917bc69df (webtiles) character file.

Game seed: 10089410876440847120

6929 kevlar127 the Grappler (level 10, -1/106 HPs)
             Began as a Troll Berserker on Apr 23, 2022.
             Was an Elder of Trog.
             Slain by a wolf (2 damage)
             ... in a bailey on Apr 24, 2022.
             The game lasted 00:52:22 (9199 turns).

kevlar127 the Grappler (Troll Berserker)            Turns: 9199, Time: 00:52:25

Health: -1/106     AC:  8    Str: 31    XL:     10   Next: 80%
Magic:  9/9        EV:  7    Int:  3    God:    Trog [****..]
Gold:   506        SH: 12    Dex:  9    Spells: 9/9 levels left

rFire   + . .      SeeInvis .     - Unarmed
rCold   + . .      Faith    .   E - +0 tower shield {AC+3}
rNeg    . . .      Spirit   .   p - +1 robe {rC+ rF+}
rPois   +          Reflect  .   (helmet restricted)
rElec   .          Harm     .   (no cloak)
rCorr   +          Rampage  .   (gloves unavailable)
Will    ++...                   (boots unavailable)
Stlth   +.........              u - amulet of magic regeneration
HPRegen 2.07/turn               a - ring of poison resistance
MPRegen 0.51/turn               z - ring of resist corrosion

@: strong-willed, regenerating, studying Armour
A: large, unfitting armour, claws 3, regeneration 1, shaggy fur 1, tough skin 1
a: Renounce Religion, Berserk, Trog's Hand, Brothers in Arms


You were in a bailey.
You worshipped Trog.
Trog was greatly pleased with you.
You visited 1 branch of the dungeon, and saw 9 of its levels.
You also visited: Bailey.

You collected 506 gold pieces.

Inventory:

Missiles
 h - 25 poisoned darts
 i - 198 stones
 r - 5 atropa-tipped darts
 D - 6 throwing nets
 F - 8 large rocks (quivered)
Armour
 p - a +1 robe of resistance (worn)
 E - a +0 tower shield of protection (worn)
Jewellery
 a - a ring of poison resistance (left claw)
 f - a ring of ice
 u - an amulet of magic regeneration (around neck)
 z - a ring of resist corrosion (right claw)
Wands
 c - a wand of digging (5)
 H - a wand of polymorph (9)
 J - a wand of paralysis (5)
 K - a wand of acid (5)
Scrolls
 b - a scroll of noise {unknown}
 e - 2 scrolls of fear {unknown}
 g - 5 scrolls of blinking
 j - 2 scrolls of vulnerability
 l - 2 scrolls of teleportation
 m - 2 scrolls of amnesia {unknown}
 n - 4 scrolls of fog {unknown}
 q - 4 scrolls of magic mapping {unknown}
 t - a scroll of immolation {unknown}
 w - 2 scrolls of enchant weapon
 y - a scroll of brand weapon {unknown}
 C - 2 scrolls of enchant armour {unknown}
 I - a scroll of silence {unknown}
Potions
 d - 3 potions of ambrosia
 k - 2 potions of lignification
 o - a potion of flight
 s - a potion of invisibility {unknown}
 v - 2 potions of attraction {unknown}
 x - a potion of berserk rage {unknown}
 A - 3 potions of heal wounds
 B - a potion of curing
 G - 2 potions of cancellation {unknown}


   Skills:
 + Level 8.6 Fighting
 - Level 6.0 Throwing
 + Level 1.9 Armour
 - Level 3.3 Dodging
 + Level 4.2 Shields
 + Level 10.2 Unarmed Combat
 + Level 1.1 Evocations


You had 9 spell levels left.
You didn't know any spells.
Your spell library was empty.

Dungeon Overview and Level Annotations

Branches:
Dungeon (9/15)             Temple (0/1) D:6          Bailey (1/1)
   Lair: D:8-11         Orc: D:9-12

Altars:
Ashenzari
Cheibriados
Dithmenos
Elyvilon
Gozag
Kikubaaqudgha
Nemelex Xobeh
Okawaru
Qazlal
Trog
Uskayaw
Wu Jian
Xom
Yredelemnul
The Shining One

Annotations:
D:8 1 runed translucent door


Innate Abilities, Weirdness & Mutations

You are too large for most types of armour.
You have claws for hands.
Your natural rate of healing is unusually fast.
You are covered in fur. (AC +1)
You have tough skin. (AC +1)


Message History

You block the wolf's attack. You block the wolf's attack.
Your skin crawls.
You feel strong-willed. The wolf completely misses you.
You block the wolf's attack.
The gnoll sergeant hits you from afar with a +0 glaive!
* * * LOW HITPOINT WARNING * * *
The wolf bites you.
* * * LOW HITPOINT WARNING * * *
The wolf bites you.
* * * LOW HITPOINT WARNING * * *
The wolf attacks as you move away! The wolf bites you.
* * * LOW HITPOINT WARNING * * *
The wolf attacks as you move away! You block the wolf's attack.
The wolf bites you but does no damage.
The wolf pauses to sniff the ground.
You block the wolf's attack. x2
Things that are here:
a +0 halberd; a +0 chain mail The wolf bites you!
* * * LOW HITPOINT WARNING * * *
There is an open door, spattered with blood here.
The wolf attacks as you move away! The wolf completely misses you.
There is an open door, spattered with blood here.
Things that are here:
a +0 halberd; a +0 scale mail; a wolf skeleton The wolf attacks as you move away!
The wolf bites you but does no damage. The wolf bites you!
* * * LOW HITPOINT WARNING * * *
You claw the wolf!
The wolf is heavily wounded.
You block the gnoll sergeant's attack. The wolf bites you.
* * * LOW HITPOINT WARNING * * *
You scratch the wolf.
The wolf is severely wounded.
You block the wolf's attack.
The gnoll sergeant hits you from afar with a +0 glaive!
* * * LOW HITPOINT WARNING * * *
The wolf bites you.
You die...

♣≈...##.8...# ..8.###..≈.♣
♣≈..##......#g....# #..≈.♣
♣≈..#......g'g...(# #..≈..
♣≈..#...g.#####...# #..≈..
♣≈..#.)).##...## + #..≈..
♣≈..##g###.....######..≈).
♣≈.....g#.....))#...'...).
♣≈....))hh..8..)))).'...).
♣≈...)..#@).....#)..'.....
♣≈..##'###.....######..≈..
♣≈..#....##...## #..≈..
♣≈..#.....#####... #..≈..
♣≈..#.....)....... #..≈..
♣≈..##............ #..≈.♣
♣≈...##.8.......8.###..≈.♣
♣≈≈...#############...≈≈♣♣
♣♣≈≈≈≈≈≈ ≈≈≈≈≈≈≈≈≈≈♣♣


You could see 2 gnoll sergeants and 2 wolves.

Vanquished Creatures
  The ghost of tonyyikes the Zephyrmancer, a novice OgAE of Vehumet (D:7)
  Pikel (D:5)
  A cyclops (D:7)
  2 shadows (D:8)
  4 wraiths
  5 yaks (D:6)
  Menkaure (D:4)
  A water moccasin (D:8)
  4 black bears
  4 wolves (Bailey)
  A centaur (D:8)
  A kobold brigand (D:9)
  4 bullfrogs
  3 necrophages
  A scorpion (D:5)
  7 gnoll sergeants (Bailey)
  6 wights
  4 killer bees (D:8)
  4 howler monkeys
  7 hounds
  7 gnoll shamans
  4 jellies
  6 orc priests
  Jessica (D:2)
  4 iguanas
  5 orc wizards
  13 gnolls
  9 adders
  A shadow imp (D:6)
  2 ufetubi (D:5)
  A worm (D:2)
  3 dart slugs
  25 orcs
  3 endoplasms
  5 giant cockroaches
  6 goblins
  8 hobgoblins
  3 jackals (D:4)
  9 kobolds
  4 quokkas
  8 ball pythons
  13 bats
  2 frilled lizards
  3 rats (D:1)
207 creatures vanquished.

Notes
Turn   | Place    | Note
-------+----------+-------------------------------------------
     0 | D:1      | kevlar127 the Troll Berserker began the quest for the Orb.
     0 | D:1      | Reached XP level 1. HP: 22/22 MP: 0/0
   682 | D:1      | Reached XP level 2. HP: 29/29 MP: 1/1
   991 | D:2      | Noticed Jessica
  1003 | D:2      | Killed Jessica
  1004 | D:2      | Reached XP level 3. HP: 36/36 MP: 2/2
  1187 | D:2      | Reached XP level 4. HP: 45/45 MP: 3/3
  1248 | D:2      | Reached ** piety under Trog
  1841 | D:3      | Reached skill level 4 in Unarmed Combat
  1847 | D:3      | Reached XP level 5. HP: 48/53 MP: 4/4
  2042 | D:3      | Reached XP level 6. HP: 54/62 MP: 5/5
  2127 | D:3      | Noticed a +0 dagger
  2127 | D:3      | Noticed a +0 dagger
  2130 | D:3      | Found a hide-covered altar of Uskayaw.
  2159 | D:3      | You fall into a shaft and drop 2 floors!
  2159 | D:5      | Entered Level 5 of the Dungeon
  2181 | D:4      | Noticed Menkaure
  2192 | D:4      | Killed Menkaure
  2193 | D:4      | Reached skill level 5 in Unarmed Combat
  2502 | D:4      | Found a broken altar of Ashenzari.
  2510 | D:4      | Reached XP level 7. HP: 63/71 MP: 6/6
  2787 | D:3      | Found a faded altar of an unknown god.
  2813 | D:3      | Reached *** piety under Trog
  3792 | D:5      | Reached skill level 5 in Fighting
  3792 | D:5      | Reached skill level 6 in Unarmed Combat
  4154 | D:5      | Found a sparkling altar of Nemelex Xobeh.
  4180 | D:5      | Noticed Pikel
  4188 | D:5      | Killed Pikel
  4189 | D:5      | Reached skill level 7 in Unarmed Combat
  4189 | D:5      | Reached XP level 8. HP: 69/83 MP: 7/7
  5054 | D:6      | Reached skill level 8 in Unarmed Combat
  5054 | D:6      | Reached XP level 9. HP: 41/92 MP: 8/8
  5513 | D:6      | Found a staircase to the Ecumenical Temple.
  5866 | D:7      | Reached skill level 5 in Throwing
  5940 | D:7      | Found a runed translucent gate.
  5941 | D:7      | Found a runed translucent gate.
  5941 | D:7      | Found a runed translucent gate.
  5941 | D:7      | Noticed tonyyikes's ghost (novice OgAE)
  6006 | D:7      | Noticed a cyclops
  6039 | D:7      | Killed a cyclops
  6040 | D:7      | Reached skill level 1 in Shields
  6159 | D:7      | Reached skill level 9 in Unarmed Combat
  6229 | D:7      | Found an opulent altar of Gozag.
  6754 | D:8      | Found a glowing golden altar of the Shining One.
  6900 | D:8      | Found a basalt altar of Yredelemnul.
  7168 | D:8      | Reached XP level 10. HP: 101/104 MP: 9/9
  7392 | D:8      | Found a shimmering altar of Xom.
  7400 | D:8      | Found a sparkling altar of Nemelex Xobeh.
  7435 | D:8      | Reached **** piety under Trog
  7441 | D:8      | Found a runed translucent door.
  7493 | D:8      | Found an iron altar of Okawaru.
  7505 | D:8      | Found an ancient bone altar of Kikubaaqudgha.
  7621 | D:8      | Found a bloodstained altar of Trog.
  7657 | D:8      | Found a shadowy altar of Dithmenos.
  8037 | D:8      | Found the +7 lajatang of Order {silver, rMut}
  8037 | D:8      | Noticed a flayed ghost
  8265 | D:7      | Killed tonyyikes's ghost
  8532 | D:9      | Reached skill level 10 in Unarmed Combat
  8574 | D:9      | Found a white marble altar of Elyvilon.
  8605 | D:9      | Found an iron altar of Okawaru.
  8609 | D:9      | Found a shadowy altar of Dithmenos.
  8613 | D:9      | Found an ornate altar of the Wu Jian Council.
  8613 | D:9      | Found a stormy altar of Qazlal.
  8630 | D:9      | Found a snail-covered altar of Cheibriados.
  8639 | D:9      | Found a flagged portal.
  8648 | Bailey   | Entered a bailey
  8947 | Bailey   | Reached skill level 1 in Armour
  9013 | Bailey   | Reached skill level 1 in Evocations
  9199 | Bailey   | HP: 1/106 [gnoll sergeant/+0 glaive (11)]
  9199 | Bailey   | Slain by a wolf

Illustrated notes

Levels and vault maps discovered:
D:1:      minmay_arrival_radiant_lines, layout_loops_corners, fountainhead
D:2:      layout_loops_ring, uniq_jessica
D:3:      layout_loops_ring, dancing_weapons_uskayaw,
          shapermc_ecumenical_altar_notcrosses
D:4:      layout_basic, mainiacjoe_overflow_cross_hatched, uniq_menkaure
D:5:      layout_loops_ring, marbit_many_paths, uniq_pikel
D:6:      layout_basic, minmay_temple_entry_poolview
D:7:      layout_loops_ring, nicolae_gozag_seed_capital,
          ebering_ghost_rock_garden
D:8:      due_megacathedral, layout_loops_ring, mainiacjoe_overflow_paths,
          mainiacjoe_overflow_surrounded_room
D:9:      layout_loops_corners, nicolae_overflow_hallway_of_the_gods,
          nicolae_overflow_crystal_walls, elyvilon_altar_3, enter_bailey_1,
          st_stairs_5
Bailey:   bailey_polearm_gnolls_kennysheep, bailey

Skill      XL: |  1  2  3  4  5  6  7  8  9 10 |
---------------+-------------------------------+-----
Dodging        | 3 |  3.3
Fighting       | 3 4 5 6 7 8 |  8.6
Unarmed Combat | 4 5 7 8 9 10 | 10.2
Throwing       | 2 4 5 6 |  6.0
Shields        | 2 4 |  4.2
Armour         | 1 |  1.9
Evocations     | 1 |  1.1

Action                   |  1- 3 |  4- 6 |  7- 9 | 10-12 || total
-------------------------+-------+-------+-------+-------++-------
Melee: Unarmed           |    57 |   137 |   249 |   219 ||   662
       Punch             |     1 |     1 |     3 |       ||     5
Throw: Dart              |       |       |       |     6 ||     6
       Large rock        |       |       |       |     4 ||     4
       Boomerang         |       |       |       |     2 ||     2
Invok: Trog's Hand       |       |     1 |     4 |     4 ||     9
       Berserk           |       |     1 |     1 |     1 ||     3
  Use: Scroll            |       |       |     8 |       ||     8
       Potion            |       |       |       |     1 ||     1
Armor: Animal skin       |    15 |     5 |       |       ||    20
       Robe              |       |    38 |    70 |    67 ||   175
Dodge: Dodged            |    33 |    54 |   111 |    56 ||   254
Block: Tower shield      |       |       |    28 |   181 ||   209

Table legend: (Time is in decaauts)
 A = Elapsed time spent in this place.
 B = Non-inter-level travel time spent in this place.
 C = Inter-level travel time spent in this place.
 D = Time resting spent in this place.
 E = Time spent auto-exploring this place.
 F = Levels seen in this place.
 G = Mean time per level.
                   A        B        C        D        E       F      G
               +--------+--------+--------+--------+--------+-----+--------+
         Total |   9255 |   8742 |    513 |   1319 |   5456 |  10 |  925.5 |
       Dungeon |   8692 |   8179 |    513 |   1199 |   5232 |   9 |  965.8 |
        Bailey |    562 |    562 |      0 |    120 |    224 |   1 |  562.0 |
               +--------+--------+--------+--------+--------+-----+--------+

Top non-repeatable levels by time:
     D:8: 1492 daAuts
     D:5: 1199 daAuts
     D:4: 1174 daAuts
     D:7: 1166 daAuts
     D:3: 974 daAuts
     D:1: 925 daAuts
     D:6: 874 daAuts
     D:2: 676 daAuts
  Bailey: 562 daAuts
     D:9: 209 daAuts
